 Dungeon Crawl Stone Soup version 0.30.1-4-g462c640d31 (webtiles) character file.

Game seed: 9612358481253341226

1188 lonewolfV2 the Shield-Bearer (level 8, 0/100 HPs)
             Began as a Gnoll Fighter on Aug 25, 2023.
             Slain by a white imp (2 damage)
             ... on level 7 of the Dungeon.
             The game lasted 00:06:08 (5988 turns).

lonewolfV2 the Shield-Bearer (Gnoll Fighter)        Turns: 5988, Time: 00:06:08

Health: 0/100      AC: 24    Str: 19    XL:     8   Next: 43%
Magic:  12/13      EV:  2    Int:  7    God:
Gold:   439        SH:  0    Dex: 11    Spells: 13/13 levels left

rFire   . . .        q - +3 war axe
rCold   . . .        c - +0 buckler
rNeg    . . .        b - melded +0 scale mail
rPois   +            (helmet currently unavailable)
rElec   .            (cloak currently unavailable)
rCorr   .            (gloves currently unavailable)
SInv    .            (boots currently unavailable)
Will    .....        (no amulet)
Stlth   +            (no ring)
HPRegen 0.36/turn    (no ring)
MPRegen 0.13/turn

%: no passive effects
@: confused, lethally poisoned (0 -> -11), tree-form
A: stationary, stasis, torment immunity, boosted hp, (fangs 1), strong nose,
distributed training
a: no special abilities


You were on level 7 of the Dungeon.
You were a tree.
You visited 1 branch of the dungeon, and saw 7 of its levels.

You collected 439 gold pieces.

Inventory:

Hand Weapons
 a - a +0 war axe of protection
 q - a +3 war axe (weapon)
Missiles
 k - a throwing net (quivered)
Armour
 b - a +0 scale mail (melded)
 c - a +0 buckler (worn)
Jewellery
 t - a +6 ring of intelligence
Wands
 o - a wand of mindburst (10)
 p - a wand of polymorph (13)
Scrolls
 m - a scroll of fog
 v - 3 scrolls of identify
 w - a scroll of enchant weapon {unknown}
 x - a scroll of brand weapon
 y - 2 scrolls of teleportation
Potions
 d - 2 potions of resistance {unknown}
 e - 2 potions of attraction
 g - a potion of mutation
 h - 2 potions of haste {unknown}
 i - 3 potions of lignification
 j - a potion of berserk rage {unknown}
 l - a potion of brilliance {unknown}
 n - 4 potions of curing
 r - a potion of magic {unknown}
 s - 2 potions of ambrosia {unknown}
 u - a potion of degeneration {unknown}


   Skills:
 + Level 7.4 Fighting
 + Level 3.4 Short Blades
 + Level 3.4 Long Blades
 + Level 5.7 Axes
 + Level 3.4 Maces & Flails
 + Level 3.4 Polearms
 + Level 3.4 Staves
 + Level 3.4 Ranged Weapons
 + Level 3.4 Throwing
 + Level 7.4 Armour
 + Level 3.4 Dodging
 + Level 3.4 Stealth
 + Level 7.4 Shields
 + Level 3.4 Unarmed Combat
 + Level 3.4 Spellcasting
 + Level 2.7 Conjurations
 + Level 2.7 Hexes
 + Level 2.7 Summonings
 + Level 2.7 Necromancy
 + Level 2.7 Translocations
 + Level 2.7 Transmutations
 + Level 2.7 Fire Magic
 + Level 2.7 Ice Magic
 + Level 2.7 Air Magic
 + Level 2.7 Earth Magic
 + Level 2.7 Poison Magic
 + Level 3.7 Invocations
 + Level 3.4 Evocations


You had 13 spell levels left.
You didn't know any spells.
Your spell library contained the following spells:

 Spells                   Type           Power      Damage    Failure   Level
 Apportation              Tloc           10%        N/A       13%         1
 Shock                    Conj/Air       20%        1d4       13%         1
 Swiftness                Air            5%         N/A       36%         3
 Airstrike                Air            2%         2d(1-17)  77%         4
 Animate Dead             Necr           5%         N/A       77%         4
 Alistair's Intoxication  Tmut/Pois      3%         N/A       98%         5
 Borgnjor's Vile Clutch   Necr/Erth      2%         N/A       98%         5
 Death Channel            Necr           2%         N/A       100%        6


Dungeon Overview and Level Annotations

Branches:
Dungeon (7/15)             Temple (0/1) D:7

Altars:
Dithmenos
Kikubaaqudgha
Okawaru
Trog

Annotations:
D:4 2 transporters, turdburglar's ghost, novice DsGl


Innate Abilities, Weirdness & Mutations

You are a tree.
Your roots penetrate the ground, keeping you stationary.
You cannot be teleported.
You are immune to unholy pain and torment.
Your maximum health is greatly increased.
Your equipment is partially melded.
((You have very sharp teeth.))
Your uncanny sense of smell can sniff out nearby items.
Your experience applies equally to all skills.


Message History

You feel very sick.
The kobold hits you with a +0 short sword.
The kobold brigand hits you with a +0 short sword of venom.
You are lethally poisoned!
You block something's attack. The white imp hits you.
* * * LOW HITPOINT WARNING * * *
The white imp freezes you.
* * * LOW HITPOINT WARNING * * *
You hit the kobold.
You kill the kobold!
You slash the kobold brigand!
You kill the kobold brigand!
You hit the white imp but do no damage. You hit something.
* * * LOW HITPOINT WARNING * * *
You feel extremely sick. You block something's attack.
The white imp gestures at you. You block the puff of frost.
Really quaff the potion of lignification?
You turn into a tree.
Your +0 scale mail melds into your body.
Your roots penetrate the ground.
* * * LOW HITPOINT WARNING * * *
You feel very sick. Something hits you but does no damage.
The white imp gestures at you.
The puff of frost hits you but does no damage.
You cannot move.
You hit the white imp.
The white imp is lightly wounded.
You miss something.
* * * LOW HITPOINT WARNING * * *
You feel very sick.
An orc wizard appears from thin air!
Reactivating autopickup.
The orc wizard gestures at you while chanting.
You are confused.
The white imp hits you but does no damage.
The white imp hits you.
You die...

∆ ....# ....# #...##
#.... #...# #...#
#5))# ####♣# #..o)#
#.#### #.##### #.....#
#.....#######
#########............
#..#..........###.##.#
# #.............#
#.##.##.#


You could see an orc wizard and a white imp.

Vanquished Creatures
  Sigmund (D:6)
  Menkaure (D:4)
  Duvessa (D:6)
  A black bear (D:5)
  A centaur (D:6)
  A kobold brigand (D:7)
  A scorpion (D:5)
  Dowan (D:6)
  A howler monkey (D:6)
  2 orc priests
  2 iguanas
  A sleepcap (D:5)
  7 gnolls
  6 adders
  3 ufetubi
  2 worms (D:3)
  2 dart slugs
  15 orcs
  8 endoplasms
  4 giant cockroaches
  7 goblins
  7 hobgoblins
  8 jackals
  7 quokkas
  5 ball pythons
  10 bats
  6 kobolds
  8 rats
119 creatures vanquished.

Notes
Turn   | Place    | Note
-------+----------+-------------------------------------------
     0 | D:1      | lonewolfV2 the Gnoll Fighter began the quest for the Orb.
     0 | D:1      | Reached XP level 1. HP: 23/23 MP: 1/1
   236 | D:1      | Reached XP level 2. HP: 29/29 MP: 2/2
   660 | D:1      | Reached XP level 3. HP: 35/35 MP: 3/3
   716 | D:1      | Reached skill level 1 in Invocations
   965 | D:2      | Reached skill level 1 in Short Blades
   965 | D:2      | Reached skill level 1 in Long Blades
   965 | D:2      | Reached skill level 1 in Maces & Flails
   965 | D:2      | Reached skill level 1 in Polearms
   965 | D:2      | Reached skill level 1 in Staves
   965 | D:2      | Reached skill level 1 in Ranged Weapons
   965 | D:2      | Reached skill level 1 in Throwing
   965 | D:2      | Reached skill level 1 in Dodging
   965 | D:2      | Reached skill level 1 in Stealth
   965 | D:2      | Reached skill level 1 in Unarmed Combat
   965 | D:2      | Reached skill level 1 in Spellcasting
   965 | D:2      | Reached skill level 1 in Evocations
   967 | D:2      | Reached XP level 4. HP: 15/41 MP: 5/5
  1346 | D:2      | Reached skill level 1 in Conjurations
  1346 | D:2      | Reached skill level 1 in Hexes
  1346 | D:2      | Reached skill level 1 in Summonings
  1346 | D:2      | Reached skill level 1 in Necromancy
  1346 | D:2      | Reached skill level 1 in Translocations
  1346 | D:2      | Reached skill level 1 in Transmutations
  1346 | D:2      | Reached skill level 1 in Fire Magic
  1346 | D:2      | Reached skill level 1 in Ice Magic
  1346 | D:2      | Reached skill level 1 in Air Magic
  1346 | D:2      | Reached skill level 1 in Earth Magic
  1346 | D:2      | Reached skill level 1 in Poison Magic
  1376 | D:2      | Found a shadowy altar of Dithmenos.
  1905 | D:3      | Reached XP level 5. HP: 41/47 MP: 7/7
  2021 | D:3      | Found a faded altar of an unknown god.
  2237 | D:3      | Found an iron altar of Okawaru.
  2622 | D:4      | Noticed a black bear
  2664 | D:4      | Noticed Menkaure
  2676 | D:4      | Killed Menkaure
  2677 | D:4      | Reached skill level 5 in Axes
  2677 | D:4      | Reached XP level 6. HP: 17/53 MP: 7/9
  2999 | D:4      | Noticed turdburglar's ghost (novice DsGl)
  3020 | D:4      | Found a transporter.
  3198 | D:4      | Found a transporter.
  3495 | D:5      | Entered Level 5 of the Dungeon
  3701 | D:5      | Found a sand-covered staircase.
  3725 | D:5      | Noticed a black bear
  3741 | D:5      | Killed a black bear
  3742 | D:5      | Reached XP level 7. HP: 6/60 MP: 10/10
  4942 | D:6      | Noticed Sigmund
  4970 | D:6      | Killed Sigmund
  5310 | D:6      | Reached XP level 8. HP: 57/67 MP: 12/12
  5397 | D:6      | Found an ancient bone altar of Kikubaaqudgha.
  5621 | D:6      | Noticed Dowan
  5623 | D:6      | Noticed Duvessa
  5633 | D:6      | Killed Duvessa
  5639 | D:6      | Killed Dowan
  5885 | D:7      | Found a bloodstained altar of Trog.
  5929 | D:7      | Found a staircase to the Ecumenical Temple.
  5978 | D:7      | HP: 3/67 [orc priest/nerve-wracking pain (7)]
  5988 | D:7      | HP: 2/100 [poisoned by a kobold brigand]
  5988 | D:7      | Slain by a white imp

Illustrated notes

Levels and vault maps discovered:
D:1:      minmay_arrival_shoal_huts, layout_loops_corners, serial_glass,
          glass_columns_a, glass_columns_a, glass_columns_b, glass_columns_a,
          hangedman_abyss_or_decor_lesser_grid
D:2:      layout_basic, basic_altar, serial_park_tiny_pond
D:3:      layout_rooms, kennysheep_okawaru_gauntlet,
          ebering_ecumenical_altar_abandoned, minivault_23,
          grunt_decor_one_mirror, hangedman_decor_slide_cut
D:4:      layout_loops_ring, gammafunk_ghost_arena, roderic_roman_lattice,
          hangedman_decor_riveting, uniq_menkaure
D:5:      layout_basic, nicolae_ossuary_entry_ruins
D:6:      layout_loops_ring, mainiacjoe_overflow_chevrons, uniq_sigmund,
          uniq_duvessa
D:7:      layout_loops_cross, mainiacjoe_overflow_tiny_flanked, minitemple,
          minmay_temple_entry_butterflies, serial_demonic, serial_demonic_d,
          serial_demonic_b, serial_demonic_b, serial_demonic_f

Skill      XL: |  1  2  3  4  5  6  7 |
---------------+----------------------+-----
Invocations    | 1 2 3 |  3.7
Short Blades   | 1 2 3 |  3.4
Long Blades    | 1 2 3 |  3.4
Maces & Flails | 1 2 3 |  3.4
Polearms       | 1 2 3 |  3.4
Staves         | 1 2 3 |  3.4
Ranged Weapons | 1 2 3 |  3.4
Throwing       | 1 2 3 |  3.4
Dodging        | 1 2 3 |  3.4
Stealth        | 1 2 3 |  3.4
Unarmed Combat | 1 2 3 |  3.4
Spellcasting   | 1 2 3 |  3.4
Evocations     | 1 2 3 |  3.4
Conjurations   | 1 2 |  2.7
Hexes          | 1 2 |  2.7
Summonings     | 1 2 |  2.7
Necromancy     | 1 2 |  2.7
Translocations | 1 2 |  2.7
Transmutations | 1 2 |  2.7
Fire Magic     | 1 2 |  2.7
Ice Magic      | 1 2 |  2.7
Air Magic      | 1 2 |  2.7
Earth Magic    | 1 2 |  2.7
Poison Magic   | 1 2 |  2.7
Axes           | 5 |  5.7
Fighting       | 7 |  7.4
Armour         | 7 |  7.4
Shields        | 7 |  7.4

Action                     |  1- 3 |  4- 6 |  7- 9 || total
---------------------------+-------+-------+-------++-------
  Melee: War axe           |    69 |   189 |   109 ||   367
         Bite              |     6 |    12 |    10 ||    28
    Use: Scroll            |       |     7 |     3 ||    10
         Potion            |       |     5 |     5 ||    10
 Armour: Scale mail        |    38 |    99 |    58 ||   195
         Skin              |       |       |     3 ||     3
  Dodge: Dodged            |    38 |   138 |    59 ||   235
  Block: Buckler           |    33 |    65 |    32 ||   130
